 Dungeon Crawl Stone Soup version 0.27.0-1-g7a089689b8 (webtiles) character file.

Game seed: 8659138858811712206

3 horus123 the Vexing (level 1, 0/12 HPs)
             Began as a Kobold Arcane Marksman on Aug 2, 2021.
             Slain by a bat (1 damage)
             ... on level 1 of the Dungeon.
             The game lasted 00:01:00 (227 turns).

horus123 the Vexing (Kobold Arcane Marksman)         Turns: 227, Time: 00:01:01

Health: 0/12       AC:  2    Str:  7    XL:     1   Next: 55%
Magic:  2/2        EV: 15    Int: 14    God:
Gold:   29         SH:  0    Dex: 15    Spells: 1/2 levels left

rFire    . . .     SeeInvis .   a - +0 hand crossbow
rCold    . . .     Faith    .   (shield restricted)
rNeg     . . .     Spirit   .   d - +0 robe
rPois    .         Reflect  .   (no helmet)
rElec    .         Harm     .   (no cloak)
rCorr    .         Rampage  .   (no gloves)
Will     .....                  (no boots)
Stlth    ++........             (no amulet)
HPRegen  0.04/turn              (no ring)
MPRegen  0.08/turn              (no ring)

@: no status effects
A: small, no large weapons, nightstalker 3
a: no special abilities


You were on level 1 of the Dungeon.
You visited 1 branch of the dungeon, and saw 1 of its levels.

You collected 29 gold pieces.

Inventory:

Hand Weapons
 a - a +0 hand crossbow (weapon)
Missiles
 c - 18 bolts (quivered ammo)
Armour
 d - a +0 robe (worn)
Scrolls
 b - a scroll of torment {unknown}


   Skills:
 + Level 1.1 Fighting
 + Level 2.4 Crossbows
 + Level 2.6 Dodging
 * Level 0.4 Stealth
 + Level 1.1 Spellcasting
 + Level 3.1 Hexes


You had one spell level left.
You knew the following spells:

 Your Spells              Type           Power      Damage    Failure   Level
a - Corona                Hex            10%        N/A       8%          1

Your spell library contained the following spells:

 Spells                   Type           Power      Damage    Failure   Level
 Slow                     Hex            9%         N/A       11%         2
 Inner Flame              Hex/Fire       5%         N/A       38%         3
 Portal Projectile        Hex/Tloc       10%        N/A       38%         3
 Cause Fear               Hex            4%         N/A       58%         4


Dungeon Overview and Level Annotations

Branches:
Dungeon (1/15)

Altars:


Innate Abilities, Weirdness & Mutations

You are small and have problems with some larger weapons.
You are completely attuned to the shadows.


Message History

The bat closely misses you. The bat hits you.
The bat hits you but does no damage. The bat closely misses you.
The bat completely misses you. x2; The bat barely misses you.
The bat closely misses you. The bat hits you but does no damage.
The bat closely misses you. The bat hits you but does no damage.
The bat misses you. The bat hits you but does no damage. The bat hits you.
* * * LOW HITPOINT WARNING * * *
The bat barely misses you.
The bat hits you but does no damage. x2; The bat completely misses you.
The bat barely misses you. The bat completely misses you.
The bat closely misses you. x2
The bat barely misses you. The bat hits you but does no damage.
The bat barely misses you. The bat hits you but does no damage.
The bat barely misses you. The bat hits you but does no damage.
The bat barely misses you. The bat misses you. The bat closely misses you.
The bat misses you. The bat closely misses you. The bat misses you.
The bat hits you.
* * * LOW HITPOINT WARNING * * *
The bat hits you but does no damage. The bat barely misses you.
The bat barely misses you. The bat hits you but does no damage. x2
The bat completely misses you. The bat hits you but does no damage.
The bat misses you. The bat closely misses you. The bat barely misses you.
The bat completely misses you. The bat misses you.
The bat hits you but does no damage. The bat closely misses you.
The bat hits you but does no damage. The bat hits you.
* * * LOW HITPOINT WARNING * * *
The bat hits you but does no damage. The bat completely misses you.
The bat barely misses you. The bat completely misses you.
The bat barely misses you. The bat misses you. The bat closely misses you.
The bat closely misses you. The bat barely misses you. The bat hits you.
* * * LOW HITPOINT WARNING * * *
The bat completely misses you. The bat closely misses you. The bat hits you.
You die...

........##.#.#
##########.###
#...+ #.###
#.###. ...
#..... .b#
#.#### ..##
#.######....
#......@b...
#.######..##
### .... .###
.#


You could see 2 bats.

Vanquished Creatures
  2 jackals (D:1)
  A rat (D:1)
3 creatures vanquished.

Notes
Turn   | Place    | Note
-------+----------+-------------------------------------------
     0 | D:1      | horus123 the Kobold Arcane Marksman began the quest for the
                  | Orb.
     0 | D:1      | Reached XP level 1. HP: 12/12 MP: 2/2
   227 | D:1      | Slain by a bat

Illustrated notes

Levels and vault maps discovered:
D:1:      dpeg_arrival_tiny_b, layout_basic

Action                   || total
-------------------------++-------
 Fire: Hand crossbow     ||     5
Armor: Robe              ||    44
Dodge: Dodged            ||   130
